 Dungeon Crawl Stone Soup version 0.29-a0-1027-gcd8c55af63 (webtiles) character file.

Game seed: 4356449455795252852

253 greenreed the Cudgeller (level 5, -10/47 HPs)
             Began as a Minotaur Monk on Aug 12, 2022.
             Mangled by an ogre
             ... wielding a +0 giant spiked club
              (30 damage)
             ... on level 4 of the Dungeon.
             The game lasted 00:04:14 (2680 turns).

greenreed the Cudgeller (Minotaur Monk)             Turns: 2680, Time: 00:04:15

Health: -10/47     AC:  9    Str: 17    XL:     5   Next: 90%
Magic:  4/4        EV: 13    Int:  7    God:
Gold:   178        SH:  0    Dex: 13    Spells: 4/4 levels left

rFire   . . .      SeeInvis .   f - +2 flail (protect)
rCold   + . .      Faith    .   (no shield)
rNeg    . . .      Spirit   .   b - +0 robe
rPois   .          Reflect  .   (helmet restricted)
rElec   .          Harm     .   (no cloak)
rCorr   .          Rampage  .   (no gloves)
Will    .....                   (no boots)
Stlth   ++........              s - amulet of regeneration
HPRegen 0.95/turn               k - ring of protection from cold
MPRegen 0.09/turn               (no ring)

@: under a protective aura
A: horns 2, retaliatory headbutt
a: no special abilities


You were on level 4 of the Dungeon.
You visited 1 branch of the dungeon, and saw 4 of its levels.

You collected 228 gold pieces.
You spent 50 gold pieces at shops.

Inventory:

Hand Weapons
 a - a +0 mace
 f - a +2 flail of protection (weapon)
Armour
 b - a +0 robe (worn)
Jewellery
 j - an amulet of guardian spirit
 k - a ring of protection from cold (left hand)
 s - an amulet of regeneration (around neck)
Wands
 r - a wand of flame (25)
Scrolls
 e - a scroll of teleportation {unknown}
 h - a scroll of enchant armour
 l - a scroll of enchant weapon {unknown}
 n - 3 scrolls of brand weapon
 p - 4 scrolls of poison
 t - a scroll of noise
Potions
 c - a potion of ambrosia
 d - 4 potions of curing
 g - a potion of haste {unknown}
 i - a potion of mutation {unknown}
 m - a potion of berserk rage {unknown}
 o - a potion of flight {unknown}
 q - a potion of might {unknown}


   Skills:
 + Level 4.9 Fighting
 + Level 5.7 Maces & Flails
 + Level 4.7 Dodging
 + Level 2.3 Stealth


You had 4 spell levels left.
You didn't know any spells.
Your spell library contained the following spells:

 Spells                   Type           Power      Damage    Failure   Level
 Sandblast                Erth           0%         2d4       43%         1
 Passwall                 Tmut/Erth      0%         N/A       56%         2
 Stone Arrow              Conj/Erth      0%         3d7       80%         3
 Animate Armour           Summ/Erth      0%         N/A       99%         4
 Lehudib's Crystal Spear  Conj/Erth      0%         10d2      100%        8


Dungeon Overview and Level Annotations

Branches:
Dungeon (4/15)
 Temple: D:4-7

Altars:

Shops:
D:3 ?


Innate Abilities, Weirdness & Mutations

You have a pair of horns on your head.
You reflexively headbutt those who attack you in melee.


Message History

You hit the orc.
Your weapon exudes an aura of protection.
The orc is heavily wounded.
The orc hits you with a +0 flail. x2
You hit the orc.
You kill the orc!
No target in view!
No target in view!
Found a stone staircase leading up.
No target in view!
Found a long sword.
You now have 172 gold pieces (gained 19).
A hound is nearby!
The hound barks!
The hound bites you.
You hit the hound.
Your weapon exudes an aura of protection.
Your headbutt misses the hound.
The hound is lightly wounded.
The hound closely misses you. You furiously retaliate!
You headbutt the hound. The hound barely misses you.
You hit the hound.
The hound is heavily wounded.
The hound misses you. You furiously retaliate!
You headbutt the hound. The hound bites you but does no damage.
You hit the hound.
You kill the hound!
You now have 178 gold pieces (gained 6).
Found 6 stones.
An ogre and a giant cockroach come into view.
Found a robe.
You thump the ogre!
Your weapon exudes an aura of protection.
The ogre is moderately wounded.
The ogre hits you with a +0 giant spiked club!!
Ouch! That really hurt!
The ogre attacks as you move away!
The ogre hits you with a +0 giant spiked club!!
Ouch! That really hurt!
You die...

#..##.## #.. ###.. #..#
#..###.... ##.#
##.(...... #†#
##......### #.####
###.......# #....##
..........# ####..#
.........# ##..
.....BO@.### ##.
...........########## #.
...............<....####
.....##...#.........#...
..... #.............#...
...[ ...................
................(.......
.........)..............
.....................


You could see an ogre and a giant cockroach.

Vanquished Creatures
  An ogre (D:3)
  A hound (D:4)
  Jessica (D:2)
  5 adders
  2 dart slugs
  2 orcs
  3 ball pythons
  7 bats
  2 endoplasms
  A giant cockroach (D:2)
  8 hobgoblins
  6 quokkas
  A frilled lizard (D:1)
  9 goblins
  4 kobolds
  8 rats
61 creatures vanquished.

Notes
Turn   | Place    | Note
-------+----------+-------------------------------------------
     0 | D:1      | greenreed the Minotaur Monk began the quest for the Orb.
     0 | D:1      | Reached XP level 1. HP: 19/19 MP: 0/0
   346 | D:1      | Reached XP level 2. HP: 26/27 MP: 1/1
   412 | D:1      | Reached skill level 4 in Maces & Flails
   938 | D:2      | Reached XP level 3. HP: 33/33 MP: 2/2
  1092 | D:2      | Noticed Jessica
  1102 | D:2      | Killed Jessica
  1256 | D:2      | Reached XP level 4. HP: 35/41 MP: 3/3
  1750 | D:2      | Found a faded altar of an unknown god.
  1997 | D:3      | Noticed an ogre
  2004 | D:3      | Killed an ogre
  2005 | D:3      | Reached skill level 5 in Maces & Flails
  2005 | D:3      | Reached XP level 5. HP: 47/47 MP: 4/4
  2348 | D:3      | Found Yhuyts's Magic Scroll Shop.
  2356 | D:3      | Bought a scroll of noise for 10 gold pieces
  2356 | D:3      | Bought a scroll of identify for 20 gold pieces
  2356 | D:3      | Bought a scroll of identify for 20 gold pieces
  2675 | D:4      | Noticed an ogre
  2680 | D:4      | Mangled by an ogre

Illustrated notes

Levels and vault maps discovered:
D:1:      saegor_arrival_simple_b, layout_rooms
D:2:      layout_rooms, chequers_ecumenical_altar_twisty, uniq_jessica
D:3:      layout_basic, serial_shops, nicolae_shop_hallway_plus
D:4:      layout_rooms, serial_corexii_hall, corexii_hall_statues_u,
          chequers_hall_statues_wall_a, minmay_ogre_servants, uniq_blork_the_orc

Skill      XL: |  1  2  3  4 |
---------------+-------------+-----
Fighting       | 4 |  4.9
Maces & Flails | 4 5 |  5.7
Dodging        | 4 |  4.7
Stealth        | 2 |  2.3

Action                   |  1- 3 |  4- 6 || total
-------------------------+-------+-------++-------
Melee: Mace              |    72 |    50 ||   122
       Headbutt          |    11 |    12 ||    23
       Flail             |       |    16 ||    16
  Use: Scroll            |       |     4 ||     4
 Stab: Sleeping          |     1 |     1 ||     2
Armor: Robe              |    12 |    11 ||    23
Dodge: Dodged            |    54 |    34 ||    88

Table legend: (Time is in decaauts)
 A = Elapsed time spent in this place.
 B = Non-inter-level travel time spent in this place.
 C = Inter-level travel time spent in this place.
 D = Time resting spent in this place.
 E = Time spent auto-exploring this place.
 F = Levels seen in this place.
 G = Mean time per level.
                   A        B        C        D        E       F      G
               +--------+--------+--------+--------+--------+-----+--------+
         Total |   2701 |   2683 |     18 |      0 |   2263 |   4 |  675.2 |
       Dungeon |   2701 |   2683 |     18 |      0 |   2263 |   4 |  675.2 |
               +--------+--------+--------+--------+--------+-----+--------+

Top non-repeatable levels by time:
     D:2: 967 daAuts
     D:1: 872 daAuts
     D:3: 769 daAuts
     D:4: 92 daAuts
